 Dungeon Crawl Stone Soup version 0.26-b1-32-g5d43845318 (webtiles) character file.

Game seed: 16609758715490359516

5 Aviak the Magician (level 1, -1/12 HPs)
             Began as an Octopode Wanderer on Jan 12, 2021.
             Slain by a leopard gecko (3 damage)
             ... on level 1 of the Dungeon.
             The game lasted 00:00:43 (175 turns).

Aviak the Magician (Octopode Wanderer)               Turns: 175, Time: 00:00:44

Health: -1/12      AC:  1    Str: 11    XL:     1   Next: 80%
Magic:  5/5        EV: 12    Int: 16    God:
Gold:   0          SH:  5    Dex:  9    Spells: 7/8 levels left

rFire    . . .     SeeInvis .   a - +0 dagger
rCold    . . .     Faith    .   (no shield)
rNeg     . . .     Spirit   .   (helmet restricted)
rPois    .         Reflect  +   d - amulet of reflection
rElec    .         Harm     .   (no ring)
rCorr    .         Rampage  .   (no ring)
Will     .....                  (no ring)
Stlth    ++........             (no ring)
HPRegen  0.04/turn              (no ring)
MPRegen  0.09/turn              (no ring)
                                (no ring)
                                (no ring)

@: no status effects
A: almost no armour, stealthy swim, amphibious, 8 rings, constrict 8, camouflage
1, gelatinous body 1
a: no special abilities


You were on level 1 of the Dungeon.
You visited 1 branch of the dungeon, and saw 1 of its levels.

Inventory:

Hand Weapons
 a - a +0 dagger (weapon)
Missiles
 c - 17 poisoned darts (quivered)
Jewellery
 d - an amulet of reflection (around mantle)
Scrolls
 e - a scroll of enchant armour {unknown}
Potions
 b - a potion of lignification {!q}
 f - a potion of heal wounds {unknown}


   Skills:
 + Level 0.4 Fighting
 - Level 2.0 Short Blades
 + Level 1.2 Throwing
 - Level 1.3 Stealth
 + Level 4.0 Spellcasting
 + Level 1.5 Poison Magic
 - Level 1.1 Evocations


You had 7 spell levels left.
You knew the following spells:

 Your Spells              Type           Power        Failure   Level
a - Sting                 Tmut/Pois      20%          12%         1

Your spell library contained the following spells:

 Spells                   Type           Power        Failure   Level
 Poisonous Vapours        Pois/Air       10%          19%         2
 Ignite Poison            Fire/Tmut/Pois 4%           38%         3
 Mephitic Cloud           Conj/Pois/Air  4%           38%         3
 Olgreb's Toxic Radiance  Pois           8%           65%         4


Dungeon Overview and Level Annotations

Branches:
Dungeon (1/15)

Altars:


Innate Abilities, Weirdness & Mutations

You cannot wear most types of armour.
You are very stealthy in the water. (Stealth+)
You are amphibious.
You can wear up to eight rings at the same time.
You can use your tentacles to constrict eight enemies at once.
Your skin changes colour to match your surroundings (Stealth+).
Your rubbery body absorbs attacks. (AC +1, EV +1)


Message History

You squeeze the goblin, but do no damage.
The goblin is severely wounded.
You constrict the goblin.
You kill the goblin!
You barely miss the leopard gecko. Your grab misses the leopard gecko.
You squeeze the leopard gecko, but do no damage.
The leopard gecko misses you.
You miss the leopard gecko. Your grab misses the leopard gecko.
The leopard gecko bites you.
You barely miss the leopard gecko. Your grab misses the leopard gecko.
The leopard gecko barely misses you.
You hit the leopard gecko but do no damage.
Your grab misses the leopard gecko. Your squeeze misses the leopard gecko.
The leopard gecko closely misses you.
You miss the leopard gecko. You grab the leopard gecko.
You constrict the leopard gecko. The leopard gecko bites you.
* * * LOW HITPOINT WARNING * * *
You release your grip on the leopard gecko.
The leopard gecko bites you.
You die...

..............#....#.##.#
......................#.#
............>......####.#
.#.#.....#..............#
##.#....##.###.##......##
##.#...................#
##..#+#................#
.... ................#
.... ##......@......#
#......l......#
#.............#
.....^.)####### .......(.
.......#.. .....(. ...
....... .... .......
.....


You could see a leopard gecko.

Vanquished Creatures
  A goblin (D:1)
  3 hobgoblins (D:1)
4 creatures vanquished.

Notes
Turn   | Place    | Note
-------+----------+-------------------------------------------
     0 | D:1      | Aviak the Octopode Wanderer began the quest for the Orb.
     0 | D:1      | Aviak set off with the following items: a +0 dagger, a
                  | potion of lignification {!q}, 10 poisoned darts; and the
                  | following spell memorised: Sting; and the following spells
                  | available to memorise: Poisonous Vapours, Ignite Poison,
                  | Mephitic Cloud, Olgreb's Toxic Radiance
     0 | D:1      | Reached XP level 1. HP: 11/11 MP: 5/5
   175 | D:1      | Slain by a leopard gecko

Illustrated notes

Levels and vault maps discovered:
D:1:      erik_arrival_triangle_medium, layout_basic

Action                   || total
-------------------------++-------
Melee: Dagger            ||    11
       Constrict         ||     3
       Tentacles         ||     3
Throw: Dart              ||    13
Dodge: Dodged            ||     3
